woodfighter, chaotic female orcish Cavewoman ----------- |.........| |...M..*..| |..*.@....| |........*| |.........| ----------- woodfighter the Young Cave Woman Experience level: 9 Strength: 18/07 Dexterity: 16 Constitution: 18 Intelligence: 9 Wisdom: 11 Charisma: 7 Health: 0(88) Energy: 41(41) Def: 15 Gold: 0 Moves: 9463 Dungeon seed: ZuN13R4wJTVaB2cr Game ID: woodfighter_1486671531 Your Inventory: Amulets c - an uncursed amulet of reflection (being worn) Weapons a - a corroded +1 spear (weapon in hand) S - 5 +0 dwarvish spears (in quiver) Armor e - an uncursed +0 orcish helm (being worn) n - a blessed greased +0 gray dragon scale mail (being worn) q - an uncursed +0 pair of leather gloves (being worn) z - a blessed +0 dwarvish cloak T - an uncursed +0 pair of speed boots (being worn) Y - an uncursed +0 cloak of protection (being worn) Comestibles A - 9 uncursed food rations V - an uncursed tripe ration Z - an uncursed lizard corpse Wands b - a wand of magic missile (0:6) m - a wand of digging (0:5) r - a wand of polymorph (0:4) t - a wand of locking (0:6) u - a wand of striking (0:6) E - a wand of teleportation (0:3) J - a wand of make invisible (0:5) W - a wand of make invisible (0:5) Tools g - a blessed oil lamp (0:665) i - a blessed oil lamp (0:1403) k - a +0 pick-axe s - an uncursed bag of holding y - an uncursed lock pick H - an uncursed stethoscope I - an uncursed towel N - an uncursed wax candle (0:400) Gems U - an uncursed luckstone Contents of the bag of holding: 181 gold pieces an uncursed [+0] dwarvish spear a [cursed] [-2] dwarvish cloak a [uncursed] [+0] dwarvish cloak a [uncursed] [+0] dwarvish cloak a [uncursed] [+0] dwarvish cloak a [uncursed] [+0] dwarvish cloak a [uncursed] [+0] dwarvish cloak an uncursed [+0] mummy wrapping 2 uncursed lizard corpses 2 uncursed sprigs of wolfsbane a [uncursed] scroll of destroy armor a [uncursed] scroll of gold detection a [uncursed] scroll of magic mapping a [uncursed] scroll of teleportation a [uncursed] potion of booze a [cursed] potion of booze an uncursed potion of sickness a [blessed] potion of sickness a [uncursed] potion of speed an uncursed ring of levitation a [cursed] ring of polymorph a [uncursed] oilskin sack 8 [uncursed] tallow candles [0:200] Spells and supernatural/magical abilities: Name Level Category Fail Memory W - pray for help -- divine ? -- Your skills at the end: Miscellaneous Skills bare handed combat [Basic] stealth [Basic] Weapon Skills scimitar [Basic] club [Basic] spear [Skilled] sling [Basic] Spellcasting Skills Final Attributes: You were piously aligned. You were fire resistant. You were cold resistant. You were poison resistant. You were magic-protected. Your writing hand was ok. You had infravision. You were somewhat stealthy. You were protected. You were very fast. You had reflection. You were lucky. You had extra luck. Bad luck did not time out for you. Good luck did not time out for you. You are dead. Vanquished creatures: 3 giant mimics 2 giant zombies 4 wargs 2 quantum mechanics a small mimic a large cat a dwarf king a tengu an energy vortex a human mummy a wolf a lynx a leprechaun 3 lizards a giant spider a vampire bat 2 gnome kings a brown pudding an owlbear a yeti a housecat a dwarf lord a blue jelly a raven a plains centaur a yellow light a wood nymph an Uruk-hai 2 rock moles 2 ponies a shrieker 2 violet fungi 16 gnome lords 2 gnomish wizards a black naga hatchling an elf zombie 2 ghouls 2 paper golems a giant ant 3 floating eyes 2 kittens 20 dwarves a kobold lord an iguana 2 rothes a rabid rat 3 jitterbugs a giant bat a monkey 4 orc zombies a dwarf zombie 3 killer bees 2 coyotes 3 gas spores 4 hobbits 3 acid blobs 3 large kobolds 6 geckos 2 hobgoblins 5 giant rats 6 cave spiders 2 brown molds 2 yellow molds 3 green molds a red mold 61 gnomes 2 garter snakes 2 manes 2 gnome zombies 13 jackals 2 kobolds 8 newts 3 goblins 12 grid bugs 9 bats 6 lichens 275 creatures vanquished. Voluntary challenges: You did not cause conflict. You were not invisible. You did not have reflection until turn 5761. You were not displaced. You had been an atheist until turn 4072. You used a wielded weapon 504 times, starting on turn 214. You did not apply a unicorn horn. You did not use plumbed fixtures. You did not drink any magical draughts. You read items or engraved 4 times, starting on turn 4071. You never genocided any monsters. You never polymorphed an object. You never changed form. You completed Sokoban on turn 5688, according to the rules. You used 1 wish, starting on turn 5962. You did not wish for any artifacts. You never split a pudding. You never wrote Elbereth's name. You never violated your personal moral code. Dungeon overview: The Dungeons of Doom: levels 1 to 9 Level 1 (vault) a long staircase Level 2 a scroll shop Level 3 (vault) a weapon shop, a fountain Level 4 (locked boxes) a hardware shop stairs to The Gnomish Mines Level 5 a sink Level 6 (vault) an armor shop Level 7 many fountains Level 8 stairs to Sokoban Level 9 The Gnomish Mines: levels 5 to 13 Level 5 stairs to The Dungeons of Doom Level 6 Level 7 many shops, a temple to Anu, a magic chest, some fountains, some trees Level 8 Level 9 Level 10 Level 11 Level 12 Level 13 <- You were here Sokoban: levels 4 to 7 Level 4 a magic chest Level 5 Level 6 Level 7 an altar to Anshar, a magic chest stairs to The Dungeons of Doom History has recorded: On T:1 you entered the Dungeons of Doom to retrieve the Amulet of Yendor! On T:190 you reached level 2 of The Dungeons of Doom. On T:454 you reached level 3 of The Dungeons of Doom. On T:809 you reached level 4 of The Dungeons of Doom. On T:1155 you reached level 1 of The Gnomish Mines. On T:1159 you advanced to experience level 2. On T:1221 you reached level 5 of The Dungeons of Doom. On T:1408 you advanced to experience level 3. On T:1742 you advanced to experience level 4. On T:2083 you reached level 6 of The Dungeons of Doom. On T:2353 you reached level 7 of The Dungeons of Doom. On T:2469 you advanced to experience level 5. On T:3392 you advanced to experience level 6. On T:3422 you reached level 8 of The Dungeons of Doom. On T:3846 you reached level 9 of The Dungeons of Doom. On T:4042 you reached level 4 of Sokoban. On T:4069 you opened a magic chest. On T:4351 you reached level 3 of Sokoban. On T:4515 you reached level 2 of Sokoban. On T:5071 you reached level 1 of Sokoban. On T:5075 you advanced to experience level 7. On T:5688 you advanced to experience level 8. On T:5688 you entered the Sokoban zoo. On T:5962 you wished for "+3 blessed greased fixed gray dragon scale mail". On T:6494 you reached level 2 of The Gnomish Mines. On T:6632 you reached level 3 of The Gnomish Mines. On T:6929 you entered the Minetown temple On T:7109 you reached level 4 of The Gnomish Mines. On T:7397 you reached level 5 of The Gnomish Mines. On T:7502 you advanced to experience level 9. On T:7797 you reached level 6 of The Gnomish Mines. On T:7850 you reached level 7 of The Gnomish Mines. On T:8196 you reached level 8 of The Gnomish Mines. On T:8491 you reached level 9 of The Gnomish Mines. On T:8491 you reached the bottom of the Mines. On T:9209 you prayed to Anshar. Score breakdown: Gold: 181 ( 18 points) Experience: 9 levels ( 800 points) Exploration: 13 levels ( 360 points) Discoveries: 44 items ( 2000 points) Variety of kills: 76 monsters ( 2000 points) Major goal: Sokoban/Mines ( 1500 points) Survival: died (score multiplied by 3) Total score: 20034 Latest messages: The giant mummy scratches you! (2x) You destroy the gnome zombie! Please move the cursor to an unknown object. Never mind. You stop searching. (2x) You jab the warg! You jab the warg. The warg just misses! You jab the warg! The warg just misses! You jab the warg! You kill the warg! You finish searching. You are beginning to feel hungry. You stop searching. Mmm, tripe... not bad! You finish eating the tripe ration. You jab the ghoul! The giant mummy scratches you! (2x) You jab the ghoul! You destroy the ghoul! The giant mummy scratches you! (4x) You die... The oilskin sack is empty. The oilskin sack is empty. Final status: Goodbye woodfighter the Cavewoman, killed by a giant mummy... You died in The Gnomish Mines on dungeon level 13 with 20034 points, and 181 pieces of gold, after 9463 moves. You were level 9 with a maximum of 88 hit points when you died.